Map: Tokamak LE

Players

Докеби

  • Race: Zerg Zerg
  • League: Silver
  • Spawn Location: 7:00

Xinin - Winner!

  • Race: Protoss Protoss
  • League: Master
  • Spawn Location: 1:00

VOD

Have the link to the VOD?

Description

DT Rush

Time

  • Played on: Aug. 18, 2025, 5:42 a.m.
  • Length: 22:10
Show
View Real Time Build Order
Export as new Build Order

Докеби Zerg 

Build Orders: Hatch First, Swarm Host 

Get SALT Encoding   

  12  0:04  Drone  
  13  0:36  Drone, Hatchery  
  13  0:37  Drone  
  14  0:46  Overlord  
  14  1:04  Spawning Pool  
  14  1:07  Drone  
  14  1:10  Drone  
  15  1:25  Drone x2  
  17  1:40  Extractor  
  17  1:41  Drone  
  17  1:42  Drone  
  18  1:52  Queen  
  18  1:54  Queen  
  20  1:55  Drone  
  23  2:04  Drone  
  23  2:07  Drone  
  23  2:08  Drone  
  26  2:17  Zergling x2  
  26  2:21  Zergling x2  
  26  2:22  Overlord  
  28  2:57  Zergling x6  
  31  2:59  Zergling x6  
  34  3:17  Baneling Nest  
  33  3:35  Zergling x6  
  33  3:39  Overlord x3  
  36  4:03  Drone x2  
  36  4:08  Roach Warren  
  37  4:11  Metabolic Boost  
  37  4:12  Evolution Chamber  
  36  4:24  Lair  
  36  4:30  Extractor  
  35  4:32  Drone x2  
  35  4:33  Drone x4  
  35  4:34  Drone  
  35  4:38  Spore Crawler  
  41  5:01  Zerg Missile Weapons Level 1  
  34  5:21  Overseer x2  
  31  5:29  Roach x2  
  31  5:30  Roach x4  
  31  5:32  Zergling x6  
  32  6:18  Hatchery  
  26  6:24  Drone x2  
  26  6:25  Drone  
  18  6:39  Drone x2  
  19  6:56  Drone x2  
  19  6:57  Drone x2  
  23  7:18  Drone  
  23  7:19  Queen  
  26  7:45  Zerg Melee Weapons Level 1  
  26  7:49  Drone  
  26  7:50  Drone x2  
  29  7:52  Drone  
  29  7:53  Drone x2  
  32  8:12  Zergling x4  
  34  8:14  Drone x2  
  36  8:27  Baneling Nest  
  36  8:28  Drone  
  36  8:36  Drone x2  
  38  9:06  Drone x2  
  40  9:10  Drone x3  
  40  9:11  Drone x3  
  46  9:20  Infestation Pit  
  46  9:24  Queen  
  45  9:25  Drone x2  
  45  9:31  Extractor  
  48  9:49  Hatchery  
  47  10:04  Drone x2  
  47  10:05  Drone x3  
  47  10:06  Overlord  
  47  10:07  Overlord  
  49  10:36  Swarm Host  
  49  10:37  Swarm Host x4  
  49  10:40  Swarm Host  
  49  10:41  Swarm Host  
  55  11:07  Spine Crawler  
  55  11:09  Spine Crawler  
  50  11:14  Zergling x2  
  50  11:15  Zergling x8  
  48  11:40  Zergling x8  
  48  11:41  Zergling x2  
  45  12:05  Swarm Host x2  
  45  12:06  Swarm Host  
  50  12:28  Swarm Host x3  
  52  12:43  Zergling x2  
  40  13:14  Infestation Pit  
  40  13:19  Hydralisk Den  
  38  13:52  Hydralisk x3  
  44  14:24  Hatchery, Hydralisk x2  
  46  15:11  Hydralisk x3  
  46  15:14  Grooved Spines  
  52  15:32  Swarm Host  
  55  15:39  Drone  
  56  15:53  Extractor  
  56  15:56  Extractor  
  54  15:58  Drone x2, Queen  
  56  16:54  Drone x3  
  56  16:56  Hatchery  
  58  17:11  Drone x3  
  61  17:18  Drone x2  
  63  17:49  Overseer  
  63  17:50  Baneling Nest  
  63  17:51  Drone x3  
  63  17:54  Drone x3  
  68  18:14  Drone x3  
  71  18:49  Hydralisk  
  71  18:51  Overlord x2  
  73  18:56  Extractor  
  73  18:59  Drone x2  
  74  19:09  Muscular Augments  
  74  19:18  Roach Warren  
  74  19:22  Drone x2, Extractor  
  74  19:24  Queen  
  76  19:36  Hive  
  76  19:38  Zergling x6  
  78  19:43  Zergling x4  
  81  19:50  Extractor  
  80  20:10  Zergling x4  
  82  20:20  Evolution Chamber  
  81  20:22  Evolution Chamber, Drone  
  81  20:23  Drone x2  
  81  20:27  Drone x3  
  81  20:28  Drone x4  
  89  21:01  Extractor  
  77  21:13  Zergling x6  
Show
View Real Time Build Order
Export as new Build Order

Xinin Protoss - Winner!

Build Orders: Dark Templar Rush 

Get SALT Encoding   

  12  0:00  Probe  
  13  0:12  Probe  
  14  0:19  Pylon  
  14  0:28  Probe  
  15  0:37  Probe  
  15  0:40  Gateway  
  16  0:47  Pylon  
  16  1:11  Probe  
  16  1:14  Assimilator  
  17  1:19  Pylon  
  17  1:23  Probe  
  17  1:24  Assimilator  
  18  1:27  Cybernetics Core  
  18  1:36  Probe  
  19  1:43  Pylon  
  19  1:44  Warp Gate  
  19  1:48  Probe  
  20  1:59  Gateway  
  20  2:00  Probe  
  21  2:14  Twilight Council  
  21  2:28  Gateway  
  21  2:39  Pylon  
  21  2:52  Dark Shrine  
  21  2:55  Gateway  
  24  3:12  Probe  
  24  3:21  Pylon  
  24  3:24  Pylon  
  24  3:35  Gateway  
  24  3:43  Gateway  
  24  3:49  Probe  
  25  3:57  Pylon  
  25  4:01  Zealot  
  25  4:13  Dark Templar  
  25  4:15  Probe  
  27  4:23  Dark Templar, Probe  
  31  4:32  Dark Templar  
  31  4:38  Dark Templar  
  35  4:46  Dark Templar  
  37  4:58  Dark Templar  
  39  5:06  Zealot  
  33  5:47  Dark Templar  
  27  5:50  Zealot x2  
  25  6:32  Zealot x3  
  27  6:39  Probe  
  26  6:47  Probe  
  26  6:49  Pylon  
  27  6:55  Pylon  
  27  6:57  Probe  
  27  7:00  Nexus  
  28  7:04  Assimilator  
  28  7:07  Assimilator  
  27  7:09  Probe  
  28  7:16  Pylon  
  28  7:19  Pylon  
  28  7:21  Probe  
  29  7:36  Shield Battery  
  29  7:38  Shield Battery  
  29  7:43  Charge  
  29  7:54  Zealot x4  
  37  8:13  Probe  
  38  8:22  Probe  
  39  8:30  Probe  
  39  8:33  Stalker x2  
  43  8:34  Stalker  
  43  8:39  Probe  
  47  8:52  Probe  
  48  8:58  Forge  
  48  9:02  Stalker x3  
  52  9:04  Probe  
  55  9:12  Zealot  
  57  9:20  Forge  
  57  9:24  Probe  
  57  9:25  Shield Battery  
  58  9:31  Dark Templar  
  58  9:36  Probe  
  61  9:43  Archon  
  61  9:45  Zealot  
  61  9:46  Zealot  
  61  9:47  Probe  
  61  9:49  Protoss Ground Weapons Level 1  
  66  9:53  Probe  
  66  9:55  Probe  
  68  10:17  Gateway  
  68  10:22  Gateway  
  46  11:50  Zealot x2  
  46  11:51  Zealot x4  
  46  12:18  Pylon  
  32  13:08  Zealot x4  
  32  13:09  Zealot x2  
  44  13:18  Pylon  
  44  13:20  Pylon  
  44  13:27  Pylon  
  44  13:32  Protoss Ground Armor Level 1, Protoss Ground Weapons Level 2  
  44  13:43  Stargate  
  44  13:44  Stargate  
  44  13:48  Stargate  
  44  13:49  Nexus  
  44  13:53  Pylon  
  44  13:55  Dark Templar, Pylon  
  44  13:56  Dark Templar x4  
  44  13:58  Pylon  
  54  14:05  Zealot  
  48  14:55  Archon  
  48  14:58  Zealot x5  
  48  14:59  Zealot  
  56  15:04  Photon Cannon  
  56  15:05  Probe  
  57  15:14  Probe  
  57  15:17  Probe  
  59  15:22  Probe  
  60  15:29  Probe  
  55  15:39  Stalker  
  55  15:40  Stalker  
  55  15:41  Sentry  
  61  15:44  Sentry  
  63  15:57  Stalker  
  63  15:58  Stalker  
  71  16:16  Void Ray  
  63  16:34  Zealot x2  
  63  16:35  Zealot x4  
  75  16:41  Probe  
  75  16:45  Probe  
  76  16:49  Probe x2  
  76  16:53  Probe  
  79  16:57  Probe  
  79  16:59  Probe  
  82  17:08  Probe  
  82  17:09  Fleet Beacon  
  83  17:16  Probe  
  83  17:19  Assimilator  
  83  17:22  Assimilator  
  84  17:24  Probe  
  85  17:33  Probe  
  86  17:37  Pylon  
  86  17:43  Pylon  
  86  17:45  Probe  
  87  17:54  Carrier  
  87  17:56  Pylon  
  87  17:57  Probe  
  94  18:01  Protoss Air Weapons Level 1  
  94  18:04  Pylon  
  94  18:12  Pylon  
  94  18:31  Carrier  
  94  18:32  Carrier  
  106  18:48  Carrier  
  106  18:54  Zealot  
  106  18:55  Zealot  
  110  18:56  Zealot x2  
  110  18:57  Zealot  
  122  19:07  Photon Cannon  
  122  19:12  Photon Cannon  
  122  19:15  Photon Cannon  
  122  19:19  Shield Battery  
  122  19:35  Carrier  
  128  19:58  Pylon  
  128  20:06  Oracle  
  128  20:09  Pylon  
  128  20:12  Carrier  
  137  20:40  Zealot x6  
Tags
 
Composition
Swarm Host
Matchup
PvZ
Spawn Locations
Cross Positions
Add a new tag
Caveats
  • Supply blocks, unpowered buildings, or Contaminate may cause inaccurate times.
  • Supply counts are checked every 10 seconds.